AoeStats
← 沒起房子我日

Lombardia

509814548Analyzed
4v4 RM · 3d ago on Sep 28, 2026· 26m 59s· 8 players
Game mode
Random Map
Map size
Large (8 player)
Population
200
Speed
Normal
Resources
Standard
Victory
Conquest
Starting age
Dark Age
Ending age
Imperial Age
RankedLock teamsTeams togetherTeam positionsShared explorationLock speedFull tech treeHidden civsTurbo modeCheats
Victory
Defeat
🇧🇷 Saxons · Brazil
1680
+14
🇲🇽 Varangians · Mexico
1664
+14
🇦🇷 Wei · Argentina
1595
+17
🇦🇷 Persians · Argentina
1554
+19
🇻🇳 Franks · Vietnam
1686
-18
🇩🇿 Byzantines · Algeria
1662
-18
🇨🇳 Mongols · China
1629
-16
🇹🇼 Varangians · Taiwan
1528
-12
hl.exe
3:31 Loom
12:51 Feudal Age
16:59 Double-Bit Axe
19:32 Wheelbarrow
22:14 Castle Age
20:29 Horse Collar
22:31 Scale Mail Armor
23:38 Forging
沒起房子我日
6:56 Loom
9:11 Feudal Age
9:41 Double-Bit Axe
10:05 Horse Collar
11:55 Bloodlines
16:44 Scale Barding Armor
21:14 Castle Age
19:22 Gold Mining
22:19 Bow Saw
21:32 Light Cavalry
22:21 Heavy Plow
23:29 Wheelbarrow
23:01 Husbandry
24:29 Town Watch
24:56 Stone Mining
26:44 Chain Barding Armor
27:05 Hand Cart
Bz_青红
8:26 Feudal Age
8:30 Loom
9:32 Double-Bit Axe
9:41 Horse Collar
19:02 Castle Age
17:21 Gold Mining
17:45 Stone Mining
20:41 Bow Saw
25:19 Wheelbarrow
25:23 Town Watch
27:38 Gold Shaft Mining
27:40 Stone Shaft Mining
27:22 Hand Cart
ZiZi
5:11 Loom
9:00 Feudal Age
10:16 Double-Bit Axe
16:16 Gold Mining
18:56 Castle Age
21:42 Bow Saw
22:11 Wheelbarrow
23:29 Stone Mining
24:53 Town Watch
25:23 Hand Cart
26:01 Gold Shaft Mining
26:24 Forging
27:16 Scale Barding Armor
eL| Barry_Allen
9:29 Loom
11:39 Feudal Age
13:30 Double-Bit Axe
16:10 Castle Age
13:57 Horse Collar
17:12 Bow Saw
18:28 Bloodlines
21:58 Husbandry
23:36 Forging
25:17 Scale Barding Armor
26:04 Gold Mining
26:04 Stone Mining
27:53 Wheelbarrow
APZz_
7:15 Loom
9:34 Feudal Age
9:37 Man-at-Arms
10:03 Double-Bit Axe
10:49 Arson
12:14 Horse Collar
19:27 Castle Age
20:32 Bow Saw
20:25 Heavy Plow
21:05 Wheelbarrow
20:26 Town Watch
23:41 Stone Mining
24:35 Gold Mining
Revvv
5:36 Loom
9:45 Feudal Age
10:27 Loom
15:24 Castle Age
13:48 Double-Bit Axe
14:02 Horse Collar
16:59 Wheelbarrow
16:40 Bow Saw
19:28 Gold Mining
20:47 Town Watch
21:44 Hand Cart
22:08 Stone Mining
23:43 Heavy Plow
Tonguera
6:40 Loom
9:07 Feudal Age
10:09 Double-Bit Axe
11:31 Horse Collar
22:07 Castle Age
20:31 Gold Mining
21:32 Bloodlines
21:30 Scale Barding Armor
23:26 Bow Saw
23:17 Heavy Plow
26:26 Forging
Connection lost

Rejoining the realm…

Still unreachable

The connection could not be restored.

Session expired

The server has moved on; the page needs a fresh start.